Construct Infanterie Kompanie
Selects Breakthrough Battlegroup
Construct Panzergrenadier Kompanie
Selects Assault Grenadiers
Panzergrenadier Officer Quarters
Selects 2.5-tonne Cargo Truck
Nebelwerfer 42 Rocket Launcher Team
Nebelwerfer 42 Rocket Launcher Team
Selects Smoke Bombing Run
Selects Incendiary Bombing Run
Pak 40 Anti-tank Gun Team
Construct Panzer Kompanie
Selects Panzer IV Command Tank Sd.Kfz. 161/1